 Dungeon Crawl Stone Soup version 0.19-a0-1107-gc676ff4 (webtiles) character file.

32 Ajdolov the Skirmisher (level 3, -1/29 HPs)
             Began as a Formicid Abyssal Knight on Aug 9, 2016.
             Was a Follower of Lugonu.
             Slain by a goblin
             ... wielding a +0 club
             ... led by Robin
              (2 damage)
             ... on level 2 of the Dungeon.
             The game lasted 00:02:10 (1325 turns).

Ajdolov the Skirmisher (Formicid Abyssal Knight)    Turns: 1325, Time: 00:02:11

Health: -1/29      AC:  5    Str: 17    XL:     3   Next: 42%
Magic:  5/5        EV: 10    Int: 11    God:    Lugonu [*.....]
Gold:   104        SH:  0    Dex: 10    Spells: 0 memorised, 2 levels left

rFire  . . .     SeeInvis +     a - +1 mace
rCold  . . .     Gourm    .     j - +0 ring mail
rNeg   . . .     Faith    .     (no shield)
rPois  .         Spirit   .     (helmet unavailable)
rElec  .         Dismiss  .     (no cloak)
rCorr  .         Reflect  .     (no gloves)
SustAt .         Harm     .     (no boots)
MR     .....                    (no amulet)
Stlth  ..........               (no ring)
                                (no ring)

@:
A: permanent stasis, dig shafts and tunnels, four strong arms, antennae 3
a: Dig, Shaft Self, Depart the Abyss, Renounce Religion


You were on level 2 of the Dungeon.
You worshipped Lugonu.
Lugonu was aware of your devotion.
You were not hungry.

You visited 1 branch of the dungeon, and saw 2 of its levels.
You visited the Abyss 1 time.

You collected 104 gold pieces.

Inventory:

Hand Weapons
 a - a +1 mace (weapon)
Armour
 j - a +0 ring mail (worn)
Scrolls
 b - a scroll of fear {unknown}
 d - a scroll of amnesia {unknown}
 e - a scroll of teleportation {unknown}
 n - 3 scrolls of identify {unknown}
 o - a scroll of remove curse {unknown}
Potions
 h - a potion of heal wounds {unknown}
 i - a potion of brilliance {unknown}
 k - a potion of curing {unknown}
 l - a potion of magic {unknown}
Comestibles
 c - a bread ration
 f - a meat ration
 m - a beef jerky


   Skills:
 - Level 3.2 Fighting
 * Level 3.1 Maces & Flails
 - Level 2.1 Armour
 - Level 0.8 Dodging
 + Level 3.0 Invocations


You had 2 spell levels left.
You didn't know any spells.

Dungeon Overview and Level Annotations

Branches:
Dungeon (2/15)

Altars:
Yredelemnul

Annotations:
D:2 1 runed door, Robin


Innate Abilities, Weirdness & Mutations

You are under a permanent stasis effect.
You can dig through walls and to a lower floor.
Your four strong arms can wield two-handed weapons with a shield.
You have a pair of large antennae on your head. (SInv)


Message History

Robin is almost dead.
Robin hits you but does no damage.
Your ring mail prevents you from hitting Robin.
Robin is almost dead.
Robin throws the goblin at you!
* * * LOW HITPOINT WARNING * * *
The goblin barely misses you.
You completely miss Robin.
Robin is almost dead.
Robin hits you but does no damage. The goblin hits you with a club.
* * * LOW HITPOINT WARNING * * *
Robin closely misses you.
You hit Robin but do no damage.
Robin is almost dead.
The goblin hits you with a club.
* * * LOW HITPOINT WARNING * * *
Robin hits you but does no damage.
It was a potion of haste.
Your stasis keeps you stable.
The goblin hits you with a club.
You die...

.............#
####.....##..#
#.........#
#..#####.##
#........#
#.######.# #.##
#.#
..####..#####.#
#.......)g@g..#
######.#######
#.# #.# #g# #.#
####.# #....#
#.##.###


You could see Robin and a goblin.

Vanquished Creatures
  A giant gecko (D:1)
  3 bats
  A giant cockroach (D:1)
  9 goblins
  2 hobgoblins (D:1)
  2 jackals (D:1)
  4 kobolds
  A goblin skeleton (D:2)
  5 rats
28 creatures vanquished.

Notes
Turn   | Place    | Note
-------+----------+-------------------------------------------
     0 | Abyss:1  | Ajdolov the Formicid Abyssal Knight began the quest for the Orb.
     0 | Abyss:1  | Reached XP level 1. HP: 18/18 MP: 2/2
    17 | Abyss:1  | Found a corrupted altar of Lugonu.
    46 | Abyss:1  | Noticed a quasit
    53 | D:1      | Escaped the Abyss
   382 | D:1      | Reached XP level 2. HP: 14/24 MP: 3/3
   495 | D:1      | Reached * piety under Lugonu
  1214 | D:2      | Reached XP level 3. HP: 23/29 MP: 3/5
  1250 | D:2      | Found a runed door.
  1250 | D:2      | Noticed a human
  1269 | D:2      | Found a basalt altar of Yredelemnul.
  1280 | D:2      | Noticed Robin
  1324 | D:2      | HP: 1/29 [goblin/club[Robin] (5)]
  1325 | D:2      | Slain by a goblin

Vault maps used:
D:1:      saegor_arrival_simple_b
D:2:      ashenzari_altar_1, serial_bayou, serial_bayou_pond_a,
          serial_bayou_pond_a, serial_bayou_shore_a, serial_bayou_lagoon_a,
          grunt_ministairs_15, serial_park_tiny_pond, dk_yredelemnul_ordeal,
          uniq_robin, uniq_jessica
Abyss:1:  minivault_26

Skill      XL: |  1  2  3 |
---------------+----------+-----
Maces & Flails | 3 |  3.1
Invocations    | 3 |  3.0
Fighting       | |  3.2
Armour         | |  2.1
Dodging        | |  0.8

Action                   || total
-------------------------++-------
Melee: Mace              ||    96
Invok: Depart the Abyss  ||     1
  Use: Potion            ||     1
  Eat: Chunk             ||     1
Armor: Leather armour    ||     4
       Ring mail         ||    60
Dodge: Dodged            ||    78
